Map: Sludge City

Players

Grumm - Winner!

  • Race: Protoss Protoss
  • League: Gold
  • Spawn Location: 11:00

Zacholas - Winner!

  • Race: Zerg Zerg
  • League: Silver
  • Spawn Location: 9:00

earthling

  • Race: Protoss Protoss
  • League: Platinum
  • Spawn Location: 5:00

VodkaGimlet

  • Race: Zerg Zerg
  • Spawn Location: 5:00

VOD

Have the link to the VOD?

Description

Time

  • Played on: Jan. 23, 2016, 11:28 p.m.
  • Length: 16:08
Show
View Real Time Build Order
Export as new Build Order

Grumm Protoss - Winner!

Build Orders: Nexus First 

Get SALT Encoding   

  12  0:01  Probe (Chrono Boost)  
  13  0:40  Nexus  
  13  0:44  Probe (Chrono Boost)  
  14  0:53  Pylon  
  14  0:56  Probe (Chrono Boost)  
  15  1:05  Assimilator  
  16  1:11  Probe (Chrono Boost)  
  16  1:18  Gateway  
  16  1:21  Probe (Chrono Boost)  
  17  1:32  Probe (Chrono Boost)  
  18  1:41  Gateway  
  18  1:43  Probe (Chrono Boost)  
  19  1:53  Probe (Chrono Boost)  
  20  1:54  Assimilator  
  20  2:07  Probe x2 (Chrono Boost)  
  22  2:14  Assimilator  
  22  2:40  Probe (Chrono Boost)  
  22  2:41  Cybernetics Core  
  23  2:47  Pylon  
  23  2:48  Gateway  
  23  2:50  Pylon  
  23  2:57  Pylon, Probe x2 (Chrono Boost)  
  25  3:08  Probe x2 (Chrono Boost)  
  27  3:18  Adept x2, Probe (Chrono Boost)  
  32  3:20  Probe (Chrono Boost), Warp Gate (Chrono Boost)  
  32  3:26  Robotics Facility  
  33  3:32  Forge  
  33  3:34  Probe x2  
  33  3:41  Assimilator  
  35  3:45  Probe  
  35  3:46  Probe  
  37  3:54  Stalker  
  37  3:55  Adept  
  41  3:57  Sentry  
  42  4:12  Gateway  
  42  4:18  Photon Cannon  
  28  4:41  Probe  
  28  4:44  Pylon  
  27  4:58  Photon Cannon  
  27  5:03  Photon Cannon  
  27  5:06  Probe  
  27  5:07  Probe  
  27  5:08  Protoss Ground Weapons Level 1  
  29  5:20  Warp Prism (Chrono Boost)  
  31  5:27  Zealot  
  31  5:28  Stalker x2  
  37  5:32  Sentry  
  37  5:35  Probe  
  40  5:39  Probe  
  41  5:47  Probe  
  41  5:49  Stargate  
  42  6:07  Immortal (Chrono Boost)  
  42  6:08  Zealot  
  42  6:10  Adept  
  50  6:16  Pylon, Probe  
  51  6:26  Probe  
  51  6:28  Probe  
  43  7:01  Zealot  
  43  7:02  Stalker x3  
  51  7:22  Photon Cannon  
  49  7:25  Void Ray  
  49  7:27  Immortal (Chrono Boost)  
  57  7:31  Probe x2  
  59  7:43  Probe  
  59  7:44  Probe  
  61  7:48  Zealot x2  
  65  8:11  Phoenix  
  65  8:12  Stalker x3  
  73  8:14  Sentry  
  51  8:37  Stalker x2  
  51  8:38  Stalker  
  51  8:40  Probe x2  
  45  9:08  Stalker x4  
  41  9:32  Stalker  
  41  9:33  Stalker x3  
  41  9:35  Probe  
  41  9:36  Probe  
  51  9:48  Probe x2  
  53  9:52  Stargate  
  53  10:00  Probe  
  54  10:13  Stalker  
  54  10:14  Stalker x3  
  62  10:32  Nexus  
  62  10:37  Pylon  
  62  11:01  Photon Cannon  
  62  11:05  Photon Cannon  
  62  11:07  Pylon  
  62  11:10  Phoenix x2 (Chrono Boost)  
  66  11:15  Stalker  
  66  11:16  Stalker  
  70  11:18  Sentry  
  70  11:19  Sentry  
  74  11:30  Photon Cannon  
  74  11:37  Pylon  
  74  11:52  Phoenix x2 (Chrono Boost)  
  78  12:11  Stalker x4  
  86  12:16  Gateway  
  86  12:19  Gateway  
  86  12:33  Protoss Ground Armor Level 1  
  86  12:34  Void Ray (Chrono Boost)  
  90  12:44  Probe  
  90  12:45  Assimilator  
  90  12:49  Probe  
  90  12:50  Stalker  
  94  12:55  Probe  
  95  13:04  Pylon  
  95  13:08  Observer  
  96  13:16  Fleet Beacon  
  80  13:52  Zealot x5  
  80  13:53  Zealot  
  89  14:40  Stalker x2  
  89  14:41  Stalker x4  
  101  14:51  Void Ray x2 (Chrono Boost)  
  109  14:53  Immortal  
  73  15:33  Stalker x2  
  73  15:34  Stalker x3  
Show
View Real Time Build Order
Export as new Build Order

Zacholas Zerg - Winner!

Build Orders: Hatch First 

Get SALT Encoding   

  12  0:01  Drone  
  13  0:12  Overlord  
  13  0:18  Drone  
  14  0:32  Drone x2  
  16  0:36  Drone  
  17  0:59  Drone, Hatchery  
  17  1:02  Extractor  
  16  1:05  Drone  
  16  1:08  Drone  
  18  1:20  Spawning Pool  
  18  1:23  Drone  
  18  1:30  Drone  
  19  1:39  Overlord  
  19  1:53  Drone  
  20  2:02  Drone  
  21  2:15  Zergling x2  
  21  2:16  Zergling x2  
  21  2:18  Queen  
  21  2:19  Queen  
  27  2:34  Metabolic Boost  
  27  2:39  Drone x4  
  31  2:54  Queen  
  31  2:55  Queen  
  31  2:57  Overlord  
  35  3:02  Drone  
  36  3:19  Drone x6  
  42  3:33  Overlord  
  42  3:37  Drone x2  
  44  3:44  Roach Warren  
  44  3:47  Drone  
  44  3:48  Overlord  
  44  4:07  Hatchery  
  44  4:08  Extractor  
  41  4:11  Extractor  
  41  4:15  Zergling x2  
  41  4:16  Zergling x22  
  33  5:05  Hatchery  
  31  5:10  Hatchery  
  24  5:30  Drone x3  
  24  5:33  Spore Crawler  
  22  5:41  Spore Crawler  
  21  6:00  Spine Crawler  
  21  6:01  Spine Crawler  
  21  6:03  Spine Crawler  
  18  6:05  Lair  
  18  6:19  Queen  
  18  6:23  Roach  
  18  6:24  Roach x6  
  34  6:27  Spine Crawler  
  34  6:32  Spine Crawler  
  32  6:51  Drone x10  
  38  7:22  Drone x3  
  41  7:23  Drone x7  
  48  7:32  Queen  
  50  7:48  Glial Reconstitution  
  50  7:59  Spore Crawler  
  50  8:04  Overlord  
  50  8:05  Spore Crawler, Overlord x4  
  48  8:08  Drone  
  48  8:09  Drone x3  
  48  8:10  Drone  
  48  8:12  Drone x5  
  58  8:31  Spore Crawler  
  58  8:33  Spore Crawler x2  
  51  8:38  Spore Crawler x2  
  51  8:40  Spore Crawler  
  40  8:42  Spore Crawler x2  
  40  8:44  Drone x3  
  40  8:45  Spore Crawler x2  
  40  8:46  Drone x2  
  41  8:49  Drone x3  
  44  9:03  Roach x3  
  44  9:07  Zergling x2  
  44  9:08  Zergling x6  
  37  9:43  Drone x7  
  37  9:44  Drone x2  
  46  10:10  Queen  
  46  10:11  Queen  
  50  10:20  Hatchery  
  49  10:25  Drone x8  
  49  10:26  Drone x2  
  59  10:29  Extractor  
  59  10:31  Extractor  
  57  10:36  Extractor  
  57  10:41  Drone x3  
  59  10:44  Evolution Chamber  
  59  10:46  Evolution Chamber  
  59  10:47  Roach x3  
  59  10:48  Roach x3  
  69  11:09  Spire  
  68  11:14  Roach  
  68  11:15  Roach x2  
  74  11:21  Zergling x2  
  74  11:22  Zergling x8  
  74  11:23  Zergling x10  
  84  11:48  Zerg Missile Weapons Level 1  
  84  12:14  Hydralisk Den  
  83  12:23  Hatchery  
  83  12:29  Zergling x16  
  93  12:30  Zergling x6  
  93  12:39  Roach  
  93  12:40  Roach x5  
  105  13:13  Muscular Augments  
  105  13:30  Overlord x6  
  105  13:31  Overlord x5  
  105  13:36  Hatchery  
  64  14:20  Drone  
  64  14:21  Drone x18  
  64  14:23  Queen  
  85  15:04  Mutalisk x7  
  85  15:05  Mutalisk x7  
  95  15:20  Roach  
  95  15:21  Roach x14  
Show
View Real Time Build Order
Export as new Build Order

earthling Protoss 

Build Orders: Oracle Opening 

Get SALT Encoding   

  12  0:01  Probe (Chrono Boost)  
  13  0:11  Probe (Chrono Boost)  
  14  0:17  Pylon  
  14  0:22  Probe (Chrono Boost)  
  15  0:31  Assimilator  
  16  0:35  Probe (Chrono Boost)  
  16  0:40  Pylon  
  16  0:46  Probe (Chrono Boost)  
  17  0:56  Gateway  
  17  1:04  Probe (Chrono Boost)  
  18  1:09  Pylon  
  18  1:19  Pylon  
  18  1:21  Probe (Chrono Boost)  
  18  1:24  Assimilator  
  19  1:33  Probe (Chrono Boost)  
  20  1:45  Cybernetics Core  
  20  1:48  Zealot  
  20  1:54  Probe (Chrono Boost)  
  23  2:04  Probe (Chrono Boost)  
  24  2:10  Gateway  
  24  2:14  Pylon  
  24  2:31  Probe (Chrono Boost)  
  24  2:33  Stargate, Warp Gate (Chrono Boost)  
  25  2:42  Zealot  
  27  2:50  Gateway  
  27  2:58  Zealot  
  29  3:08  Mothership Core  
  31  3:17  Oracle (Chrono Boost)  
  34  3:41  Nexus  
  34  3:48  Zealot  
  36  3:58  Zealot  
  38  4:09  Zealot  
  34  4:46  Gateway  
  34  4:48  Zealot x2  
  34  4:50  Gateway  
  36  5:09  Sentry x2  
  17  5:29  Stalker  
  17  5:32  Void Ray (Chrono Boost)  
  23  5:37  Stalker  
  25  5:44  Probe  
  26  6:17  Probe  
  26  6:50  Probe  
  17  7:56  Zealot  
  19  7:59  Zealot  
  19  8:00  Zealot  
  19  8:01  Zealot x2  
  5  9:55  Zealot  
  5  9:56  Zealot x2  
  5  9:57  Zealot x2  
  17  10:14  Phoenix (Chrono Boost)  
  19  10:36  Phoenix (Chrono Boost)  
  19  10:47  Zealot  
  19  10:48  Zealot x2  
  19  10:49  Zealot  
  27  10:57  Phoenix (Chrono Boost)  
  29  11:13  Probe  
  30  11:19  Phoenix (Chrono Boost)  
  30  11:24  Probe  
  33  11:34  Probe  
  33  11:38  Probe  
  35  11:41  Phoenix (Chrono Boost)  
  35  11:45  Probe  
  38  11:50  Probe  
  39  11:55  Probe  
  40  12:02  Probe  
  40  12:06  Phoenix (Chrono Boost), Probe  
  44  12:14  Probe  
  45  12:16  Probe  
  46  12:26  Probe  
  46  12:27  Probe  
  46  12:28  Phoenix (Chrono Boost)  
  50  12:37  Probe  
  51  12:48  Probe  
  51  12:49  Phoenix (Chrono Boost)  
  54  13:11  Phoenix (Chrono Boost)  
  56  13:33  Phoenix (Chrono Boost)  
Show
View Real Time Build Order
Export as new Build Order

VodkaGimlet Zerg 

Build Orders: Pool First 

Get SALT Encoding   

  12  0:01  Drone  
  13  0:09  Drone  
  14  0:25  Overlord  
  14  0:40  Drone, Extractor  
  14  0:44  Drone  
  14  0:46  Spawning Pool  
  14  0:52  Drone x2  
  16  1:06  Drone  
  17  1:13  Drone  
  18  1:30  Hatchery  
  17  1:38  Queen  
  19  1:43  Drone  
  20  1:50  Metabolic Boost  
  20  1:54  Drone  
  20  1:58  Drone  
  22  2:06  Overlord  
  22  2:22  Overlord  
  22  2:26  Zergling x2  
  23  2:45  Queen  
  23  2:46  Drone  
  23  2:50  Zergling x8  
  23  2:51  Zergling x2  
  31  2:57  Zergling x2  
  32  3:02  Drone  
  33  3:06  Zergling x2  
  34  3:15  Lair  
  34  3:18  Zergling x2  
  35  3:21  Zergling x4  
  37  3:30  Zergling x2  
  38  3:36  Zergling x2  
  38  3:37  Zergling x4  
  41  3:42  Overlord  
  41  4:04  Drone x3  
  41  4:05  Drone  
  41  4:07  Extractor  
  41  4:08  Extractor  
  35  4:44  Zergling x10  
  35  4:45  Zergling x2  
  34  4:48  Spire  
  33  4:54  Zergling x8  
  33  4:55  Zergling x4  
  36  5:38  Drone x5  
  41  5:44  Extractor  
  41  5:47  Drone x4  
  45  6:04  Drone x2  
  45  6:10  Hatchery  
  45  6:14  Mutalisk x3  
  51  6:18  Overlord x3  
  51  6:19  Overlord x2  
  51  6:23  Overseer  
  51  6:27  Overseer  
  51  6:34  Overseer  
  50  7:10  Mutalisk x4  
  50  7:11  Mutalisk x2  
  62  7:16  Mutalisk x4  
  62  7:20  Zergling x2  
  62  7:21  Zergling x2  
  72  7:30  Infestation Pit  
  72  7:32  Drone  
  72  7:33  Queen  
  74  7:40  Mutalisk x5  
  84  7:46  Zergling x8  
  84  7:47  Zergling x2  
  74  8:41  Drone x3  
  77  8:46  Extractor  
  40  9:26  Drone  
  40  9:27  Drone x4  
  40  9:30  Extractor  
  44  9:34  Hive, Mutalisk x3  
  44  9:35  Mutalisk x3  
  44  9:37  Mutalisk  
  44  9:38  Mutalisk x4  
  66  10:31  Zergling x8  
  66  10:32  Zergling x2  
  71  11:06  Ultralisk Cavern  
  71  11:10  Drone x4  
  71  11:11  Drone  
  75  11:32  Drone x3  
  78  11:49  Overlord x4  
  78  11:53  Overseer  
  78  12:12  Drone  
  78  12:13  Drone x3  
  78  12:14  Drone  
  83  12:26  Chitinous Plating  
  83  12:30  Ultralisk  
  83  12:32  Ultralisk  
  95  12:39  Ultralisk  
  101  12:46  Ultralisk  
  107  12:54  Ultralisk  
  113  13:07  Ultralisk  
  119  13:13  Overlord x3  
  74  14:16  Ultralisk x2  
  74  14:17  Ultralisk x3  
  86  14:18  Ultralisk x3  
  80  14:50  Ultralisk x2  
  80  14:51  Zergling x2  
  80  14:52  Zergling x6  
  96  14:55  Zergling x6  
  93  15:18  Ultralisk  
  93  15:19  Zergling x2  
Tags
 
Add a new tag
Caveats
  • Supply blocks, unpowered buildings, or Contaminate may cause inaccurate times.
  • Supply counts are checked every 10 seconds.